PAA
CASPER GHOSTS @ MYRTLE BEACH MERMEN
06/02/2022
 
TOP OF THE 1ST
Casper Ghosts batting - Pitching for Myrtle Beach Mermen : RHP Plinio Pedrulho
Pitching: RHP Plinio Pedrulho
Batting: LHB Harrison Jones 0-0: Called Strike
0-1: Ball
1-1: Ball
2-1: Ball
3-1: Foul Ball, location: 2F
3-2: Base on Balls
Batting: SHB Alonso Rodríguez 0-0: Ball
1-0: Ball
2-0: Foul Ball, location: 2F
2-1: Swinging Strike
2-2: Ball
3-2: Ground out 1-3 (Groundball, 13S)
Harrison Jones to second
Batting: RHB Lorenzo Díaz 0-0: Foul Ball, location: 2F
0-1: Ball
1-1: Called Strike
1-2: SINGLE (Line Drive, 7LS)
Harrison Jones to third
Runner from 3rd tries for Home, SAFE, no throw or cutoff
Batting: RHB Phil Baker 0-0: Foul Ball, location: 2F
0-1: Ball
1-1: Ball
2-1: Fly out, F7 (Flyball, 7LS)
Batting: SHB José Juárez 0-0: DOUBLE (Line Drive, 5L)
Lorenzo Díaz to third
Batting: RHB Mark Davis 0-0: Ball
1-0: Swinging Strike
1-1: Called Strike
1-2: Strikes out swinging
Top of the 1st over - 1 run(s), 2 hit(s), 0 error(s), 2 left on base; Casper 1 - Myrtle Beach 0
BOTTOM OF THE 1ST
Myrtle Beach Mermen batting - Pitching for Casper Ghosts : RHP Pat Pérez
Pitching: RHP Pat Pérez
Batting: RHB Matt Love 0-0: Ball
1-0: Called Strike
1-1: Ball
2-1: Swinging Strike
2-2: SINGLE (Groundball, 34D) (infield hit)
Batting: LHB Arturo Acevedo 0-0: Ball
1-0: Fly out, F7 (Flyball, 7M)
Batting: RHB Álex Rodríguez 0-0: Foul Ball, location: 2F
Pickoff Throw to First - Error! E1
Matt Love to second
0-1: Foul Ball, location: 2F
0-2: Strikes out swinging
Batting: RHB José Caballero 0-0: Called Strike
0-1: Swinging Strike
0-2: Ball
1-2: Strikes out looking
Bottom of the 1st over - 0 run(s), 1 hit(s), 1 error(s), 1 left on base; Casper 1 - Myrtle Beach 0
TOP OF THE 2ND
Casper Ghosts batting - Pitching for Myrtle Beach Mermen : RHP Plinio Pedrulho
Batting: RHB Dave Young 0-0: Called Strike
0-1: Ground out 5-3 (Groundball, 5L)
Batting: RHB Juan García 0-0: Ball
1-0: Ball
2-0: Swinging Strike
2-1: Foul Ball, location: 2F
2-2: Foul Ball, location: 2F
2-2: Fly out, F4 (Popup, 34D)
Batting: SHB Armando Tolcunaga 0-0: Foul Ball, location: 2F
0-1: Ball
1-1: Swinging Strike
1-2: Foul Ball, location: 2F
1-2: Ball
2-2: Strikes out swinging
Top of the 2nd over - 0 run(s), 0 hit(s), 0 error(s), 0 left on base; Casper 1 - Myrtle Beach 0
BOTTOM OF THE 2ND
Myrtle Beach Mermen batting - Pitching for Casper Ghosts : RHP Pat Pérez
Batting: LHB Joe Cashmore 0-0: Ball
1-0: Ball
2-0: Foul Ball, location: 2F
2-1: Ball
3-1: Base on Balls
Batting: RHB Javier Robles 0-0: SINGLE (Groundball, 6MD)
Joe Cashmore to second
Batting: RHB António Ruíz 0-0: Ball
1-0: Fly out, F8 (Line Drive, 8RD)
Runner from 2nd tags up, SAFE at 3rd, no throw
Batting: SHB Val Brown 0-0: Foul Ball, location: 2F
0-1: Ball
1-1: Foul Ball, location: 2F
1-2: Ball
2-2: Foul Ball, location: 2F
2-2: Foul Ball, location: 2F
2-2: Ball
3-2: Ground out 4-3 (Groundball, 4M)
Joe Cashmore scores
Javier Robles to second
Batting: RHB Jorge Reyes 0-0: Ground out 4-3 (Groundball, 4)
Bottom of the 2nd over - 1 run(s), 1 hit(s), 0 error(s), 1 left on base; Casper 1 - Myrtle Beach 1
TOP OF THE 3RD
Casper Ghosts batting - Pitching for Myrtle Beach Mermen : RHP Plinio Pedrulho
Batting: LHB Harrison Jones 0-0: Called Strike
0-1: Foul Ball, location: 2F
0-2: Ball
1-2: Ball
2-2: Foul Ball, location: 2F
2-2: Foul Ball, location: 2F
2-2: Foul Ball, location: 2F
2-2: Ball
3-2: Foul Ball, location: 2F
3-2: Base on Balls
Batting: SHB Alonso Rodríguez 0-0: Ball
1-0: Grounds into double play, 3-6-3 (Groundball, 3)
Batting: RHB Lorenzo Díaz 0-0: Called Strike
0-1: Swinging Strike
0-2: Ground out 4-3 (Groundball, 4)
Top of the 3rd over - 0 run(s), 0 hit(s), 0 error(s), 0 left on base; Casper 1 - Myrtle Beach 1
BOTTOM OF THE 3RD
Myrtle Beach Mermen batting - Pitching for Casper Ghosts : RHP Pat Pérez
Batting: RHB Matt Love 0-0: Ball
1-0: Swinging Strike
1-1: Ball
2-1: DOUBLE (Line Drive, 5D)
Batting: LHB Arturo Acevedo 0-0: Called Strike
0-1: Foul Ball, location: 2F
0-2: Hit by Pitch
Batting: RHB Álex Rodríguez 0-0: Ball
1-0: Ball
2-0: Ball
3-0: Ground out 5-3 (Groundball, 5S)
Matt Love to third
Arturo Acevedo to second
Batting: RHB José Caballero 0-0: Called Strike
0-1: Fly out, F7 (Popup, 78S)
Batting: LHB Joe Cashmore 0-0: Called Strike
0-1: Called Strike
0-2: Ball
1-2: DOUBLE (Flyball, 8RD)
Matt Love scores
Arturo Acevedo scores
Batting: RHB Javier Robles 0-0: Foul Ball, location: 2F
0-1: Ball
1-1: SINGLE (Flyball, 8RS)
Joe Cashmore to third
Runner from 3rd tries for Home, SAFE, no throw or cutoff
Batting: RHB António Ruíz 0-0: Ball
1-0: Swinging Strike
1-1: Ball
2-1: Foul Ball, location: 2F
2-2: Ball
3-2: Foul Ball, location: 2F
3-2: Ground out 5-3 (Groundball, 5)
Bottom of the 3rd over - 3 run(s), 3 hit(s), 0 error(s), 1 left on base; Casper 1 - Myrtle Beach 4
TOP OF THE 4TH
Casper Ghosts batting - Pitching for Myrtle Beach Mermen : RHP Plinio Pedrulho
Batting: RHB Phil Baker 0-0: Fly out, F9 (Flyball, 89D)
Batting: SHB José Juárez 0-0: Ball
1-0: Foul Ball, location: 2F
1-1: Ground out 4-3 (Groundball, 4)
Batting: RHB Mark Davis 0-0: Called Strike
0-1: Foul Ball, location: 2F
0-2: Ball
1-2: Ball
2-2: Ball
3-2: Base on Balls
Batting: RHB Dave Young 0-0: Ball
1-0: Ball
2-0: Ball
3-0: Called Strike
3-1: Foul Ball, location: 2F
3-2: Ground out 4-3 (Groundball, 4M)
Top of the 4th over - 0 run(s), 0 hit(s), 0 error(s), 1 left on base; Casper 1 - Myrtle Beach 4
BOTTOM OF THE 4TH
Myrtle Beach Mermen batting - Pitching for Casper Ghosts : RHP Pat Pérez
Batting: SHB Val Brown 0-0: Ground out 4-3 (Groundball, 4M)
Batting: RHB Jorge Reyes 0-0: Ball
1-0: Ball
2-0: Fly out, F7 (Flyball, 78M)
Batting: RHB Matt Love 0-0: Called Strike
0-1: Called Strike
0-2: Ball
1-2: Foul Ball, location: 2F
1-2: Ground out 4-3 (Groundball, 4M)
Bottom of the 4th over - 0 run(s), 0 hit(s), 0 error(s), 0 left on base; Casper 1 - Myrtle Beach 4
TOP OF THE 5TH
Casper Ghosts batting - Pitching for Myrtle Beach Mermen : RHP Plinio Pedrulho
Batting: RHB Juan García 0-0: Ball
1-0: Ball
2-0: Swinging Strike
2-1: Ball
3-1: Base on Balls
Batting: SHB Armando Tolcunaga 0-0: Foul Ball, location: 2F
0-1: Ball
1-1: Swinging Strike
1-2: SINGLE (Groundball, 3S)
Juan García to second
Runner from 2nd tries for 3rd, SAFE, throw made to third
Batting: LHB Harrison Jones 0-0: Ball
1-0: Swinging Strike
1-1: Foul Ball, location: 2F
1-2: Strikes out looking
Batting: SHB Alonso Rodríguez 0-0: Ball
1-0: Ball
2-0: Fly out, F7 (Flyball, 7M)
Runner from 3rd tags up, SCORES, throw made
Batting: RHB Lorenzo Díaz 0-0: Ball
1-0: Fly out, F7 (Flyball, 7M)
Top of the 5th over - 1 run(s), 1 hit(s), 0 error(s), 1 left on base; Casper 2 - Myrtle Beach 4
BOTTOM OF THE 5TH
Myrtle Beach Mermen batting - Pitching for Casper Ghosts : RHP Pat Pérez
Batting: LHB Arturo Acevedo 0-0: Called Strike
0-1: Foul Ball, location: 2F
0-2: Ball
1-2: Ball
2-2: Ball
3-2: Foul Ball, location: 2F
3-2: Fly out, F7 (Flyball, 7S)
Batting: RHB Álex Rodríguez 0-0: Ball
1-0: Foul Ball, location: 2F
1-1: Ball
2-1: Called Strike
2-2: Foul Ball, location: 2F
2-2: Fly out, F9 (Line Drive, 9M)
Batting: RHB José Caballero 0-0: Ball
1-0: Ground out 4-3 (Groundball, 4)
Bottom of the 5th over - 0 run(s), 0 hit(s), 0 error(s), 0 left on base; Casper 2 - Myrtle Beach 4
TOP OF THE 6TH
Casper Ghosts batting - Pitching for Myrtle Beach Mermen : RHP Plinio Pedrulho
Batting: RHB Phil Baker 0-0: Fly out, F9 (Flyball, 89XD)
Batting: SHB José Juárez 0-0: Ball
1-0: Called Strike
1-1: Called Strike
1-2: Foul Ball, location: 2F
1-2: Ball
2-2: Strikes out swinging
Batting: RHB Mark Davis 0-0: Called Strike
0-1: Ball
1-1: Called Strike
1-2: Strikes out swinging
Top of the 6th over - 0 run(s), 0 hit(s), 0 error(s), 0 left on base; Casper 2 - Myrtle Beach 4
BOTTOM OF THE 6TH
Myrtle Beach Mermen batting - Pitching for Casper Ghosts : RHP Pat Pérez
Batting: LHB Joe Cashmore 0-0: Foul Ball, location: 2F
0-1: Ball
1-1: Ground out U3 (Groundball, 3S)
Batting: RHB Javier Robles 0-0: Foul Ball, location: 2F
0-1: Called Strike
0-2: Ball
1-2: Strikes out swinging
Batting: RHB António Ruíz 0-0: Ground out 6-3 (Groundball, 6)
Bottom of the 6th over - 0 run(s), 0 hit(s), 0 error(s), 0 left on base; Casper 2 - Myrtle Beach 4
TOP OF THE 7TH
Casper Ghosts batting - Pitching for Myrtle Beach Mermen : RHP Plinio Pedrulho
Batting: RHB Dave Young 0-0: Called Strike
0-1: Foul Ball, location: 2F
0-2: SINGLE (Groundball, 56D)
Batting: RHB Juan García 0-0: Ball
1-0: Ground out 5-3 (Groundball, 5S)
Dave Young to second
Batting: SHB Armando Tolcunaga 0-0: Called Strike
0-1: Ball
Wild Pitch!
Dave Young to third
1-1: Ball
2-1: Called Strike
2-2: Strikes out swinging
Batting: LHB Harrison Jones 0-0: Ball
1-0: Swinging Strike
1-1: Ball
2-1: Foul Ball, location: 2F
2-2: Foul Ball, location: 2F
2-2: DOUBLE (Line Drive, 9LM)
Dave Young scores
Batting: SHB Alonso Rodríguez 0-0: Called Strike
0-1: DOUBLE (Flyball, 8RM)
Harrison Jones scores
Pitching: RHP Manuel Carrión
Batting: RHB Lorenzo Díaz 0-0: Called Strike
0-1: Ball
1-1: Ball
2-1: Ball
3-1: Foul Ball, location: 2F
3-2: Ground out 4-3 (Groundball, 4)
Top of the 7th over - 2 run(s), 3 hit(s), 0 error(s), 1 left on base; Casper 4 - Myrtle Beach 4
BOTTOM OF THE 7TH
Myrtle Beach Mermen batting - Pitching for Casper Ghosts : RHP Pat Pérez
Batting: SHB Val Brown 0-0: Ball
1-0: Ball
2-0: Foul Ball, location: 2F
2-1: Ball
3-1: Ground out 3-1 (Groundball, 3L)
Batting: RHB Jorge Reyes 0-0: Ball
1-0: Foul Ball, location: 2F
1-1: Ball
2-1: Fly out, F8 (Flyball, 8LM)
Batting: RHB Matt Love 0-0: Fly out, F7 (Flyball, 78S)
Bottom of the 7th over - 0 run(s), 0 hit(s), 0 error(s), 0 left on base; Casper 4 - Myrtle Beach 4
TOP OF THE 8TH
Casper Ghosts batting - Pitching for Myrtle Beach Mermen : RHP Manuel Carrión
Batting: RHB Phil Baker 0-0: Ball
1-0: DOUBLE (Line Drive, 7LM)
Batting: SHB José Juárez 0-0: Intentional Walk
Pinch Hitting: SHB Erjan Kerstens 0-0: Sac Bunt - play at third, runner OUT! 5-6
José Juárez to second
Pinch Hitting: RHB Ron Coffman 0-0: Called Strike
0-1: Foul Ball, location: 2F
0-2: Foul Ball, location: 2F
0-2: Reached on error, E5 (Groundball, 5S)
José Juárez to third
Erjan Kerstens to second
Pinch Hitting: RHB Warner Robinson 0-0: Called Strike
0-1: Ball
1-1: Ball
2-1: Foul Ball, location: 2F
2-2: Strikes out swinging
Batting: SHB Armando Tolcunaga 0-0: SINGLE (Groundball, 5D)
José Juárez scores
Erjan Kerstens to third
Ron Coffman to second
Runner from 3rd tries for Home, SAFE, no throw or cutoff
Batting: LHB Harrison Jones 0-0: Ball
1-0: Ball
2-0: Ball
3-0: Called Strike
3-1: Base on Balls
Ron Coffman to third
Armando Tolcunaga to second
Batting: SHB Alonso Rodríguez 0-0: Called Strike
0-1: Called Strike
0-2: Strikes out swinging
Top of the 8th over - 2 run(s), 2 hit(s), 1 error(s), 3 left on base; Casper 6 - Myrtle Beach 4
BOTTOM OF THE 8TH
Myrtle Beach Mermen batting - Pitching for Casper Ghosts : RHP Pat Pérez
Now at 1B: Erjan Kerstens
Now at 2B: Warner Robinson
Batting: LHB Arturo Acevedo 0-0: SINGLE (Groundball, 34S)
Now at SS: Israel Sanders
Batting: RHB Álex Rodríguez 0-0: Grounds into double play, 5-4-3 (Groundball, 56)
Batting: RHB José Caballero 0-0: Foul Ball, location: 2F
0-1: Swinging Strike
0-2: Foul Ball, location: 2F
0-2: Foul Ball, location: 2F
0-2: Ball
1-2: Strikes out swinging
Bottom of the 8th over - 0 run(s), 1 hit(s), 0 error(s), 0 left on base; Casper 6 - Myrtle Beach 4
TOP OF THE 9TH
Casper Ghosts batting - Pitching for Myrtle Beach Mermen : RHP Manuel Carrión
Pitching: RHP David Auchinleck
Batting: RHB Lorenzo Díaz 0-0: Called Strike
0-1: Called Strike
0-2: Foul Ball, location: 2F
0-2: Foul Ball, location: 2F
0-2: Ground out 4-3 (Groundball, 4M)
Batting: RHB Phil Baker 0-0: Hit by Pitch
Batting: SHB José Juárez 0-0: Ball
1-0: Ball
2-0: Ball
3-0: Base on Balls
Phil Baker to second
Batting: SHB Erjan Kerstens 0-0: Ball
1-0: Ball
2-0: Called Strike
2-1: Grounds into double play, 1-6-3 (Groundball, 13)
Top of the 9th over - 0 run(s), 0 hit(s), 0 error(s), 1 left on base; Casper 6 - Myrtle Beach 4
BOTTOM OF THE 9TH
Myrtle Beach Mermen batting - Pitching for Casper Ghosts : RHP Pat Pérez
Pitching: RHP Carlos González
Batting: LHB Joe Cashmore 0-0: Ball
1-0: Foul Ball, location: 2F
1-1: Foul Ball, location: 2F
1-2: Ball
2-2: Ball
3-2: Ground out 4-3 (Groundball, 4)
Batting: RHB Javier Robles 0-0: TRIPLE (Groundball, 5L)
Pinch Hitting: SHB Avery Little 0-0: Foul Ball, location: 2F
0-1: Ball
1-1: Foul Ball, location: 2F
1-2: Foul Ball, location: 2F
1-2: Fly out, F9 (Flyball, 9LD)
Runner from 3rd tags up, SCORES, no throw
Batting: SHB Val Brown 0-0: Ball
1-0: Ball
2-0: Ball
3-0: Called Strike
3-1: Fly out, F8 (Flyball, 8RM)
Bottom of the 9th over - 1 run(s), 1 hit(s), 0 error(s), 0 left on base; Casper 6 - Myrtle Beach 5
This league is powered by Out of the Park Baseball, the baseball management simulation game for PC, Mac and Linux
Friday, April 15th, 2016 - OOTP Baseball 16.9 Build 39